 Dungeon Crawl Stone Soup version 0.20.0-15-g7f486f2 (webtiles) character file.

115 vishdafish the Skirmisher (level 5, -1/25 HPs)
             Began as a Vine Stalker Fighter on June 25, 2017.
             Slain by a water moccasin (3 damage)
             ... on level 3 of the Dungeon.
             The game lasted 00:02:57 (2196 turns).

vishdafish the Skirmisher (Vine Stalker Fighter)    Turns: 2196, Time: 00:03:03

Health: -1/25      AC:  8    Str: 19    XL:     5   Next: 0%
Magic:  0/6        EV:  7    Int:  8    God:
Gold:   134        SH:  9    Dex: 14    Spells: 4/4 levels left

rFire    + . .     SeeInvis .   a - +0 war axe
rCold    . . .     Gourm    .   c - +0 shield
rNeg     + . .     Faith    .   b - +0 scale mail
rPois    .         Spirit   +   (no helmet)
rElec    .         Reflect  .   (no cloak)
rCorr    +         Harm     .   (no gloves)
MR       .....                  (no boots)
Stlth    +.........             (no amulet)
Regen    0.5/turn               k - ring of positive energy
MPRegen  0.1/turn               e - ring of resist corrosion

@: lethally poisoned (-1 -> -13), flying
A: fangs 2, thin metallic scales 1, fire resistance 1, frail 1, regeneration 1,
magic shield, antimagic bite, no potion heal 3, rot immunity, MP-powered wands
a: no special abilities


You were on level 3 of the Dungeon.
You were not hungry.

You visited 1 branch of the dungeon, and saw 3 of its levels.

You collected 134 gold pieces.

Inventory:

Hand Weapons
 a - a +0 war axe (weapon)
Armour
 b - a +0 scale mail (worn)
 c - a +0 shield (worn)
Jewellery
 e - a ring of resist corrosion (right hand)
 k - a ring of positive energy (left hand)
Scrolls
 h - 5 scrolls of identify {unknown}
 l - a scroll of magic mapping {unknown}
 m - 2 scrolls of amnesia {unknown}
 n - 2 scrolls of enchant weapon {unknown}
 o - a scroll of immolation {unknown}
 p - 2 scrolls of remove curse {unknown}
 t - a scroll of fear {unknown}
Potions
 d - a potion of might
 g - a potion of magic {unknown}
 q - 2 potions of flight
 r - a potion of mutation
 s - a potion of curing {unknown}
 u - a potion of haste {unknown}
Comestibles
 f - 3 bread rations
 i - 3 royal jellies
 j - 2 meat rations


   Skills:
 + Level 3.4 Fighting
 + Level 2.5 Axes
 + Level 2.9 Armour
 * Level 1.8 Stealth
 + Level 3.2 Shields


You had 4 spell levels left.
You didn't know any spells.

Dungeon Overview and Level Annotations

Branches:
Dungeon (3/15)

Altars:
Uskayaw


Innate Abilities, Weirdness & Mutations

You have extremely sharp teeth.
Your natural rate of healing is unusually fast.
When hurt, damage is shared between your health and your magic reserves.
Your bite disrupts and absorbs the magic of your enemies.
Potions cannot restore your health.
You are immune to rotting.
You are partially covered in thin metallic scales. (AC +2)
Your flesh is heat resistant. (rF+)
You are frail. (-10% HP)
You expend magic power (3 MP) to strengthen your wands.


Message History

The water moccasin is severely wounded.
* * * LOW HITPOINT WARNING * * *
You feel very sick. The water moccasin closely misses you.
The water moccasin bites you.
* * * LOW HITPOINT WARNING * * *
You are more poisoned.
The water moccasin poisons you!
It was a potion of flight.
You feel very buoyant.
You fly up into the air.
* * * LOW HITPOINT WARNING * * *
You feel sick. You block the water moccasin's attack.
It was a potion of mutation.
You feel extremely strange.
You feel resistant to heat.
You feel your magical essence link to your wands.
You feel frail.
Thin metallic scales grow over part of your body.
* * * LOW HITPOINT WARNING * * *
You feel sick. The water moccasin bites you.
You die...

#.# #.# #.#.# ###. #.#
#.# #.#.#
....#####.###.# #.#(#
#.#..........# ##.#.#
#...###.#########.#..#
#... #..........###.#
#...###.#########.#..#
#.......# ##.#.#
#...#@### ###.#
#..[.S# #.# ........#
###.# ####...## #...#
##.$ #.### #.. #.# #..
#.# #.. #######.###
#..........


You could see a water moccasin.

Vanquished Creatures
  3 gnolls (D:2)
  An adder (D:2)
  5 worms
  3 dart slugs (D:2)
  2 leopard geckos
  A giant cockroach (D:2)
  5 goblins
  8 hobgoblins
  2 jackals (D:1)
  A quokka (D:2)
  7 bats
  A frilled lizard (D:2)
  8 kobolds
  10 rats
57 creatures vanquished.

Notes
Turn   | Place    | Note
-------+----------+-------------------------------------------
     0 | D:1      | vishdafish the Vine Stalker Fighter began the quest for the Orb.
     0 | D:1      | Reached XP level 1. HP: 11/11 MP: 2/2
    47 | D:1      | Reached XP level 2. HP: 13/16 MP: 3/3
   837 | D:1      | Reached XP level 3. HP: 20/20 MP: 4/4
  1119 | D:2      | Found a hide-covered altar of Uskayaw.
  1129 | D:2      | Reached skill level 1 in Stealth
  1142 | D:2      | Noticed a hand axe
  1143 | D:2      | Noticed a hand axe
  1191 | D:2      | Gained mutation: Your natural rate of healing is unusually fast. [Vine Stalker growth]
  1191 | D:2      | Reached XP level 4. HP: 11/24 MP: 5/5
  2109 | D:3      | Reached XP level 5. HP: 28/28 MP: 6/6
  2182 | D:3      | Noticed a water moccasin
  2196 | D:3      | Gained mutation: Your flesh is heat resistant. (rF+) [potion of mutation]
  2196 | D:3      | Gained mutation: You expend magic power (3 MP) to strengthen your wands. [potion of mutation]
  2196 | D:3      | Gained mutation: You are frail. (-10% HP) [potion of mutation]
  2196 | D:3      | Gained mutation: You are partially covered in thin metallic scales. (AC +2) [potion of mutation]
  2196 | D:3      | Slain by a water moccasin

Skill      XL: |  1  2  3 |
---------------+----------+-----
Fighting       | 3 |  3.4
Axes           | 2 |  2.5
Stealth        | 1 |  1.8
Shields        | 3 |  3.2
Armour         | |  2.9

Action                   |  1- 3 |  4- 6 || total
-------------------------+-------+-------++-------
Melee: War axe           |    87 |    67 ||   154
       Bite              |    23 |    16 ||    39
  Use: Potion            |       |     2 ||     2
  Eat: Bread ration      |       |     1 ||     1
       Chunk             |       |     1 ||     1
Armor: Scale mail        |    36 |    31 ||    67
Dodge: Dodged            |    21 |    26 ||    47
Block: Shield            |    50 |    36 ||    86
